 Dungeon Crawl Stone Soup version 0.31-a0-1589-g8f5e8aebd6 (webtiles) character file.

Game seed: 505382160349969021

42947 Laraso the Basher (level 13, -11/118 HPs)
             Began as an Armataur Delver on Jan 6, 2024.
             Was a High Priest of Trog.
             Mangled by a sea snake (17 damage)
             ... on level 5 of the Lair of Beasts.
             The game lasted 00:27:25 (14214 turns).

Laraso the Basher (Armataur Delver)                Turns: 14214, Time: 00:27:25

Health: -11/118    AC: 13    Str: 17    XL:     13   Next: 88%
Magic:  13/13      EV:  7    Int: 13    God:    Trog [*****.]
Gold:   767        SH:  9    Dex: 15    Spells: 12/12 levels left

rFire   . . .        b - +0 demon whip (heavy)
rCold   + . .        y - +0 kite shield
rNeg    . . .        D - +0 swamp dragon scales
rPois   +            w - +0 helmet
rElec   +            J - scarf of the Trombone {shadows, +Blink rElec rCorr Slay+2}
rCorr   +            P - +2 pair of gloves
SInv    .            (no barding)
Will    .....        d - amulet of regeneration
Stlth   ++           p - ring of flight
HPRegen 1.84/turn    n - ring of protection from cold
MPRegen 0.46/turn

%: roll
@: flying, studying Long Blades
A: large, deformed body, tough skin 3, armoured tail, roll 2
a: Renounce Religion, Evoke Blink, Berserk, Trog's Hand, Brothers in Arms


You were on level 5 of the Lair of Beasts.
You worshipped Trog.
Trog was extremely pleased with you.
You visited 2 branches of the dungeon, and saw 14 of its levels.

You collected 767 gold pieces.

Inventory:

Hand Weapons
 a - a +5 flail of freezing
 b - a +0 heavy demon whip (weapon)
Armour
 w - a +0 helmet (worn)
 y - a +0 kite shield (worn)
 D - +0 swamp dragon scales (worn)
 J - the scarf of the Trombone (worn) {shadows, +Blink rElec rCorr Slay+2}
   (You found it on level 4 of the Dungeon)

   Slay+2:    It affects your accuracy & damage with ranged weapons and melee
   (+2).
   rElec:     It insulates you from electricity.
   +Blink:    It lets you blink.
   rCorr:     It protects you from acid and corrosion.
 P - a +2 pair of gloves (worn)
Jewellery
 d - an amulet of regeneration (around neck)
 n - a ring of protection from cold (right hand)
 p - a ring of flight (left hand)
 u - an amulet of guardian spirit
 G - a ring of fire
 M - a ring of resist corrosion
Wands
 g - a wand of digging (3)
 h - a wand of flame (24)
 I - a wand of polymorph (1)
 K - a wand of acid (3)
 L - a wand of charming (8)
 R - a wand of roots (12)
Scrolls
 c - 3 scrolls of fog
 i - 4 scrolls of teleportation
 k - 2 scrolls of silence
 l - 4 scrolls of blinking
 o - 2 scrolls of immolation
 s - 3 scrolls of enchant weapon
 v - a scroll of butterflies
 x - a scroll of enchant armour
 H - 2 scrolls of revelation
 O - a scroll of brand weapon
 Q - a scroll of poison {unknown}
Potions
 e - a potion of cancellation
 f - 2 potions of curing
 j - 3 potions of attraction
 m - a potion of ambrosia
 q - 2 potions of heal wounds
 r - a potion of haste
 t - 2 potions of mutation
 z - a potion of lignification {unknown}
 A - a potion of invisibility {unknown}
 B - 2 potions of berserk rage {unknown}
 E - a potion of magic {unknown}
 N - a potion of might {unknown}


   Skills:
 - Level 12.0 Fighting
 - Level 14.0 Maces & Flails
 - Level 7.0 Armour
 - Level 1.3 Dodging
 - Level 5.4 Stealth
 - Level 4.0 Shields
 + Level 12.9 Evocations


You had 12 spell levels left.
You didn't know any spells.
Your spell library contained the following spells:

 Spells                   Type           Power      Damage    Failure   Level
 Jinxbite                 Hex            0%         N/A       91%         2
 Stone Arrow              Conj/Erth      0%         3d7       99%         3
 Animate Armour           Summ/Erth      0%         N/A       100%        4
 Yara's Violent Unravell  Hex/Alch       0%         3d3       100%        5
 Enfeeble                 Hex            0%         N/A       100%        7
 Lehudib's Crystal Spear  Conj/Erth      0%         10d2      100%        8


Dungeon Overview and Level Annotations

Branches:
Dungeon (9/15)             Temple (0/1) D:4            Lair (5/5) D:9
  Swamp (0/4) Lair:3       Spider (0/4) Lair:3        Slime (0/5) Lair:4
    Orc: D:9-12

Altars:
Ashenzari
Cheibriados
Elyvilon
Gozag
Okawaru
Sif Muna
Trog
Xom
Yredelemnul
Jiyva

Annotations:
D:3 2 transporters, Firecrotchwizard's ghost, amateur AtBe
D:4 2 transporters, Laraso's ghost, weakling AtDe
D:6 Eustachio


Innate Abilities, Weirdness & Mutations

Armour fits poorly on your strangely shaped body.
You have extremely tough skin. (AC +3)
You have a long armoured tail.
You regenerate magic and health when rolling toward enemies. (Rampage Regen)


Message History

Your tail-slap misses the merfolk avatar.
The merfolk avatar is almost dead.
The drowned soul touches you. The drowned soul drowns you!
The sea snake bites you!
You are poisoned.
The sea snake poisons you!
The merfolk avatar chants its luring song.
You closely miss the merfolk avatar.
The merfolk avatar is almost dead.
You feel extremely sick.
The drowned soul returns to the deep!
The sea snake bites you.
You are lethally poisoned!
The sea snake poisons you! The drowned soul touches you.
The drowned soul drowns you!
The merfolk avatar chants its luring song.
You thrash the merfolk avatar!!
You are no longer entranced.
You kill the merfolk avatar!
Trog accepts your kill.
Trog appreciates your killing of a magic user.
The drowned soul returns to the deep! x2
* * * LOW HITPOINT WARNING * * *
You feel extremely sick. You block the sea snake's attack.
You closely miss the sea snake.
Your tail-slap misses the sea snake.
The sea snake is heavily wounded.
* * * LOW HITPOINT WARNING * * *
You feel extremely sick. You block the sea snake's attack.
Unknown command.
You feel better. The sea snake bites you!
* * * LOW HITPOINT WARNING * * *
Unknown command.
Unknown command.
You thrash the sea snake!!
The sea snake is almost dead.
The sea snake bites you!
* * * LOW HITPOINT WARNING * * *
The sea snake bites you!
You die...

.....#~~~#~~~8~~~~,~~~#~~~~......
.....~~P~#~P.~#..##~~~#~~~.~.....
....~~~~†#~~~#)$?!#~~~#~~~~~.....
....~#~~~#~~~#(≈≈!#~~~#~.~#~.....
....~~~P~#.~~~!≈≈/#~~~#~P~~~.....
....~~~~~#~~.P[!)$#~~~#.~~~......
.....~~~~#~~~.~~###~~~#.~~~......
....~#~~~#~P~.~~S~8~~.#~~~#......
.....~#~~~⌠~~~~~@~~~~⌠#~~##~.....
....~~~~~##############~~~~......
....~.~P.#8~~~~~~~~~~8*~~~~......
.....##~~#~~~~~~~~~~~~*~~~#~.^...
.....##~~#,~~~~~~~~~,~*~~##~.....
.....~~~~##~~~*~,*~~~**~~~~~.....
.....~~~~~~.~~~~~~~~~~~~~~~~.....
)...~##~~~#~~#*~~**~~*~~P.~~.....
....~##~~##~~#*~~**~~*#~~##......


You could see a sea snake.

Vanquished Creatures
  Gastronok (Lair:1)
  An eleionoma (Lair:3)
  A hydra (Lair:5)
  A merfolk avatar (Lair:5)
  A boulder beetle (D:6)
  A death yak (D:9)
  Amaemon (Lair:1)
  A fire crab (Lair:5)
  3 skysharks
  A sea snake (Lair:5)
  A harpy (Lair:5)
  An oklob plant (Lair:4)
  A manticore (D:7)
  17 elephants
  8 black mambas
  An orange demon (Lair:1)
  A torpor snail (Lair:1)
  Maggie (D:7)
  8 cane toads
  3 rime drakes
  5 komodo dragons
  Jeremiah (D:6)
  5 polar bears
  3 hornets
  A wind drake (Lair:5)
  8 dream sheep
  13 blink frogs
  5 slime creatures (D:8)
  23 yaks
  7 wyverns
  2 basilisks
  6 steam dragons
  Grum (Lair:1)
  Edmund (D:6)
  An acid dragon (D:7)
  10 water moccasins
  Duvessa (D:6)
  7 orc warriors
  3 black bears
  3 sky beasts
  3 ice beasts
  2 centaurs
  13 wolves
  5 ogres
  A phantom (D:5)
  3 kobold brigands
  11 bullfrogs
  2 gnoll sergeants (D:6)
  5 scorpions
  17 wights
  Dowan (D:6)
  8 electric eels
  2 howler monkeys
  7 orc priests
  3 bombardier beetles
  4 hounds
  A jelly (D:6)
  3 gnoll boudas
  A sleepcap (D:8)
  Crazy Yiuf (D:6)
  4 iguanas
  4 orc wizards
  20 gnolls
  7 adders
  A shadow imp (D:6)
  2 white imps (D:7)
  4 ufetubi
  2 dart slugs
  A ribbon worm (D:5)
  13 orcs
  2 endoplasms
  5 giant cockroaches
  5 hobgoblins
  4 jackals (D:1)
  4 quokkas
  5 ball pythons
  5 bats (D:1)
  2 frilled lizards
  5 goblins
  12 kobolds
  4 rats
  2 butterflies (Lair:3)
366 creatures vanquished.

Vanquished Creatures (collateral kills)
  3 yaks (Lair:5)
3 creatures vanquished.

Grand Total: 369 creatures vanquished

Notes
Turn   | Place    | Note
-------+----------+-------------------------------------------
     0 | D:5      | Laraso the Armataur Delver began the quest for the Orb.
     0 | D:5      | Reached XP level 1. HP: 18/18 MP: 1/1
     8 | D:5      | Noticed a gnoll bouda
     8 | D:5      | Noticed an ogre
    19 | D:5      | Noticed an orc priest
    26 | D:4      | Noticed an iguana
    40 | D:4      | Noticed an orc priest
    98 | D:3      | Found a transporter.
   114 | D:3      | Reached skill level 2 in Maces & Flails
   152 | D:3      | Reached XP level 2. HP: 24/25 MP: 2/2
   183 | D:2      | Reached skill level 3 in Maces & Flails
   224 | D:2      | Reached XP level 3. HP: 30/30 MP: 3/3
   235 | D:2      | Identified the +3 robe of Weirdness {rCorr Dex+3}
  1300 | D:3      | Found a bloodstained altar of Trog.
  1399 | D:3      | Became a worshipper of Trog the Wrathful
  1607 | D:3      | Reached skill level 4 in Maces & Flails
  1607 | D:3      | Reached XP level 4. HP: 37/37 MP: 4/4
  1664 | D:3      | Found a transporter.
  1665 | D:3      | Noticed Firecrotchwizard's ghost (amateur AtBe)
  1941 | D:3      | Reached XP level 5. HP: 32/42 MP: 5/5
  2074 | D:4      | Identified the scarf of the Trombone {shadows, +Blink rElec
                  | rCorr Slay+2}
  2196 | D:4      | Reached skill level 5 in Maces & Flails
  2283 | D:4      | Found a staircase to the Ecumenical Temple.
  2321 | D:4      | Reached skill level 1 in Armour
  2336 | D:4      | Reached XP level 6. HP: 30/50 MP: 6/6
  2455 | D:4      | Found a transporter.
  2456 | D:4      | Found a transporter.
  2513 | D:4      | Noticed a water moccasin
  2515 | D:4      | Killed a water moccasin
  2516 | D:4      | Reached skill level 6 in Maces & Flails
  2757 | D:4      | Noticed Laraso's ghost (weakling AtDe)
  3236 | D:5      | Reached * piety under Trog
  3388 | D:5      | Gained mutation: You regenerate magic and health when
                  | rolling toward enemies. (Rampage Regen) [Armataur growth]
  3388 | D:5      | Reached XP level 7. HP: 49/56 MP: 7/7
  3409 | D:5      | Reached skill level 7 in Maces & Flails
  3622 | D:5      | Reached skill level 8 in Maces & Flails
  3698 | D:5      | Found a snail-covered altar of Cheibriados.
  3920 | D:6      | Reached XP level 8. HP: 60/62 MP: 8/8
  3952 | D:6      | Found an opulent altar of Gozag.
  3966 | D:6      | Reached skill level 1 in Shields
  3970 | D:6      | Noticed Jeremiah
  4120 | D:6      | Killed Jeremiah
  4121 | D:6      | Reached skill level 9 in Maces & Flails
  4167 | D:6      | Reached ** piety under Trog
  4189 | D:6      | Noticed Edmund
  4197 | D:6      | Killed Edmund
  4252 | D:6      | Noticed a boulder beetle
  4268 | D:6      | Reached skill level 10 in Maces & Flails
  4440 | D:6      | Reached XP level 9. HP: 68/68 MP: 9/9
  4544 | D:6      | Killed a boulder beetle
  4545 | D:6      | Reached skill level 11 in Maces & Flails
  4595 | D:6      | Found a white marble altar of Elyvilon.
  4597 | D:6      | Found an iron altar of Okawaru.
  4649 | D:6      | Found a shimmering blue altar of Sif Muna.
  4706 | D:6      | Found a runed translucent door.
  4707 | D:6      | Noticed Crazy Yiuf
  4712 | D:6      | Killed Crazy Yiuf
  4827 | D:6      | Noticed Eustachio
  4924 | D:7      | Noticed a manticore
  4970 | D:7      | Noticed Duvessa
  4970 | D:7      | Noticed Dowan
  4984 | D:6      | Killed Duvessa
  4987 | D:6      | Killed Dowan
  5066 | D:7      | Paralysed by a hornet for 3 turns
  5072 | D:7      | Reached skill level 12 in Maces & Flails
  5251 | D:7      | Killed a manticore
  5252 | D:7      | Reached XP level 10. HP: 27/74 MP: 10/10
  5307 | D:7      | Reached skill level 13 in Maces & Flails
  5703 | D:7      | Reached skill level 14 in Maces & Flails
  5706 | D:7      | Reached *** piety under Trog
  6006 | D:7      | Noticed Maggie
  6019 | D:7      | Killed Maggie
  6236 | D:8      | Found a basalt altar of Yredelemnul.
  6390 | D:8      | Reached skill level 5 in Fighting
  6510 | D:8      | Reached skill level 1 in Evocations
  6510 | D:8      | Reached XP level 11. HP: 89/89 MP: 11/11
  6607 | D:8      | Found a shimmering altar of Xom.
  6816 | D:8      | Reached **** piety under Trog
  7437 | D:9      | Found a broken altar of Ashenzari.
  7644 | D:9      | Reached skill level 5 in Armour
  7785 | D:9      | Found a staircase to the Lair.
  8187 | Lair:1   | Entered Level 1 of the Lair of Beasts
  8187 | Lair:1   | Noticed a death yak
  8206 | D:9      | Killed a death yak
  8433 | Lair:1   | Noticed Gastronok
  8434 | Lair:1   | Noticed Grum
  8461 | Lair:1   | Killed Gastronok
  8462 | Lair:1   | Reached skill level 5 in Evocations
  8468 | Lair:1   | Killed Grum
  8519 | Lair:1   | Noticed Amaemon
  8537 | Lair:1   | Killed Amaemon
  9425 | Lair:2   | Reached XP level 12. HP: 96/97 MP: 12/12
  9861 | Lair:3   | You are sucked into a shaft and drop 2 floors!
  9861 | Lair:5   | Entered Level 5 of the Lair of Beasts
 10091 | Lair:3   | Found a hole to the Spider Nest.
 10102 | Lair:3   | Reached ***** piety under Trog
 10319 | Lair:3   | Found a staircase to the Swamp.
 10319 | Lair:3   | Noticed an eleionoma
 10345 | Lair:3   | Killed an eleionoma
 11547 | Lair:3   | Reached skill level 10 in Fighting
 12167 | Lair:4   | Reached skill level 10 in Evocations
 12176 | Lair:4   | Reached XP level 13. HP: 98/114 MP: 13/13
 12612 | Lair:4   | Found a viscous altar of Jiyva.
 12612 | Lair:4   | Found a staircase to the Slime Pits.
 13340 | Lair:5   | Received a gift from Trog
 14214 | Lair:5   | Mangled by a sea snake

Illustrated notes

Levels and vault maps discovered:
D:1:      tekkud_arrival_beachfront_property, layout_basic
D:2:      layout_rooms
D:3:      layout_basic, bloody_trog, gammafunk_ghost_arena
D:4:      layout_layer_cave, minmay_temple_entry_trees,
          gammafunk_ghost_gnarly_gnolls
D:5:      layout_basic, slow_altar_2, portal_sewer_entry_d
D:6:      layout_basic, nicolae_overflow_hidden_temple, minmay_ruined_shrine,
          uniq_edmund, uniq_jeremiah, uniq_eustachio, uniq_crazy_yiuf_cottage
D:7:      kennysheep_seaside_town, layout_cave_pools, minmay_manual_monstrance,
          uniq_maggie, uniq_duvessa
D:8:      layout_basic, mainiacjoe_overflow_cross_hatched,
          yredelemnul_altar_generic, serial_bayou_lake_a
D:9:      layout_basic, lemuel_round_altar, lair_entry_dummy
Lair:1:   layout_small_grid, serial_bayou_shore_a, uniq_amaemon, uniq_grum,
          uniq_gastronok
Lair:2:   layout_hall_layers, nicolae_quartered_pool_medium,
          serial_bayou_shore_b, infiniplex_staircase_pool_2
Lair:3:   layout_cave_pods, alex1729_swamp_entry_worm_eleionoma,
          dummy_spider_entry, lemuel_old_faithful, lemuel_fruit_tree,
          lemuel_fruit_fields
Lair:4:   layout_gridlike, dpeg_slime_entry_enclosed,
          chequers_serial_rivers_micro_e, wad_woods_river_03
Lair:5:   gammafunk_lair_ancient_temple, layout_regular_city,
          lemuel_fruit_fields

Skill      XL: |  1  2  3  4  5  6  7  8  9 10 11 12 13 |
---------------+----------------------------------------+-----
Maces & Flails | 2 3 4 5 6 8 10 12 14 | 14.0
Armour         | 1 2 7 |  7.0
Shields        | 4 |  4.0
Fighting       | 6 10 12 | 12.0
Evocations     | 1 7 10 12 | 12.9
Dodging        | |  1.3
Stealth        | |  5.4

Action                     |  1- 3 |  4- 6 |  7- 9 | 10-12 | 13-15 || total
---------------------------+-------+-------+-------+-------+-------++-------
  Melee: Mace              |    94 |    10 |       |       |       ||   104
         Tailslap          |    15 |    15 |    40 |   117 |    57 ||   244
         Punch             |     2 |       |     1 |       |       ||     3
         Flail             |       |    40 |    98 |   382 |       ||   520
         Whip              |       |    44 |   127 |       |       ||   171
         Demon whip        |       |       |       |   288 |   271 ||   559
 Invoke: Berserk           |       |       |     5 |     8 |     1 ||    14
         Brothers in Arms  |       |       |       |       |     1 ||     1
Ability: Evoke Blink       |       |       |       |     1 |       ||     1
  Evoke: Wand              |       |     5 |     3 |    11 |       ||    19
    Use: Scroll            |     3 |     1 |     7 |    11 |     4 ||    26
         Potion            |     1 |     4 |     1 |       |     2 ||     8
   Stab: Sleeping          |     7 |     5 |     4 |     9 |     5 ||    30
         Distracted        |       |       |     1 |     3 |     1 ||     5
         Fleeing           |       |       |       |       |     1 ||     1
 Armour: Leather armour    |    26 |       |       |       |       ||    26
         Ring mail         |    11 |       |       |       |       ||    11
         Robe              |    37 |    75 |   155 |    74 |       ||   341
         Swamp dragon scal |       |       |       |   417 |   309 ||   726
  Dodge: Dodged            |    61 |    34 |    59 |   174 |    89 ||   417
  Block: Kite shield       |       |       |    39 |   270 |   135 ||   444

Table legend: (Time is in decaauts)
 A = Elapsed time spent in this place.
 B = Non-inter-level travel time spent in this place.
 C = Inter-level travel time spent in this place.
 D = Time resting spent in this place.
 E = Time spent auto-exploring this place.
 F = Levels seen in this place.
 G = Mean time per level.
                   A        B        C        D        E       F      G
               +--------+--------+--------+--------+--------+-----+--------+
         Total |  14199 |  13629 |    570 |   2090 |   7850 |  14 | 1014.2 |
       Dungeon |   8216 |   7813 |    403 |    579 |   4955 |   9 |  912.9 |
          Lair |   5982 |   5815 |    167 |   1510 |   2895 |   5 | 1196.4 |
               +--------+--------+--------+--------+--------+-----+--------+

Top non-repeatable levels by time:
  Lair:4: 1821 daAuts
  Lair:3: 1774 daAuts
     D:4: 1301 daAuts
     D:6: 1199 daAuts
     D:7: 1102 daAuts
     D:8: 1089 daAuts
     D:9: 957 daAuts
  Lair:5: 942 daAuts
  Lair:1: 835 daAuts
     D:3: 816 daAuts
     D:5: 717 daAuts
  Lair:2: 607 daAuts
     D:2: 593 daAuts
     D:1: 438 daAuts
